 Dungeon Crawl Stone Soup version 0.17-a0-1504-gb7d9117 (webtiles) character file.

5 ololoev the Stinger (level 1, -1/13 HPs)
             Began as a Formicid Venom Mage on July 7, 2015.
             Slain by a jackal (2 damage)
             ... on level 1 of the Dungeon.
             The game lasted 00:01:16 (383 turns).

ololoev the Stinger (Formicid Venom Mage)            Turns: 383, Time: 00:01:16

Health: -1/13      AC:  2    Str: 12    XL:     1   Next: 88%
Magic:  0/3        EV: 12    Int: 14    God:
Gold:   0          SH:  0    Dex: 11    Spells: 1 memorised, 3 levels left

rFire  . . .     SeeInvis +     m - +0 club
rCold  . . .     Clarity  .     a - +0 robe
rNeg   . . .     SustAt   .     (no shield)
rPois  .         Gourm    .     (helmet unavailable)
rElec  .         Spirit   .     (no cloak)
rCorr  .         Warding  .     (no gloves)
rMut   .         Stasis   +     (no boots)
MR     .....                    (no amulet)
Stlth  ++........               (no ring)
                                (no ring)

@: very slightly contaminated, not resistant to hostile enchantments, unstealthy
A: permanent stasis, dig shafts and tunnels, four strong arms, antennae 3
a: Dig, Shaft Self


Innate Abilities, Weirdness & Mutations

You are under a permanent stasis effect.
You can dig through walls and to a lower floor.
Your four strong arms can wield two-handed weapons with a shield.
You have a pair of large antennae on your head (SInv).

Inventory:

Hand weapons
 m - a +0 club (weapon)
Armour
 a - a +0 robe (worn)
Scrolls
 g - a scroll of remove curse {unknown}
 h - a scroll of enchant armour {unknown}
 i - a scroll of noise {unknown}
 j - a scroll of recharging {unknown}
 k - a scroll of identify {unknown}
Potions
 d - a potion of lignification {unknown}
 e - a potion of heal wounds {unknown}
 f - 2 potions of flight {unknown}
 l - a potion of cure mutation {unknown}
Books
 b - a Young Poisoner's Handbook

   Spells                             Type                      Level
   a - Sting                          Conjuration/Poison           1
   b - Cure Poison                    Poison                       2
   c - Mephitic Cloud                 Conjuration/Poison/Air       3
   d - Olgreb's Toxic Radiance        Poison                       4
   e - Venom Bolt                     Conjuration/Poison           5
Comestibles
 c - a bread ration


   Skills:
 - Level 1.7 Dodging
 - Level 2.4 Stealth
 - Level 2.1 Spellcasting
 + Level 0.8 Conjurations
 + Level 5.4 Poison Magic


You had 3 spell levels left.
You knew the following spells:

 Your Spells              Type           Power        Failure   Level  Hunger
a - Sting                 Conj/Pois      ##..         10%         1    #......


You were on level 1 of the Dungeon.
You were not hungry.

You visited 1 branch of the dungeon, and saw 1 of its levels.

... #h## #..#
#h# #.#
#####.#
#....h#
########.###.#
#..@h.†..# #.#
#.######.# #.#
##.## #......
##...##
##.#...
#.....# #....#
#.....# ##.##
#.....# ####
##...## #..
#.### ##+##.#
#

Notes
Turn   | Place    | Note
--------------------------------------------------------------
     0 | D:1      | ololoev the Formicid Venom Mage began the quest for the Orb.
     0 | D:1      | Reached XP level 1. HP: 13/13 MP: 3/3
   383 | D:1      | Slain by a jackal

Dungeon Overview and Level Annotations

Branches:
Dungeon (1/15)

Altars:


Message History

Casting: Sting
Confirm with . or Enter, or press ? or * to list all spells.
Aiming: Sting
Press: ? - help, Shift-Dir - straight line, f/p - jackal
Aim: a jackal The sting hits the jackal.
The jackal appears unharmed.
The jackal closely misses you.
You closely miss the jackal.
The jackal bites you but does no damage.
The jackal closely misses you.
You hit the jackal.
The jackal is moderately wounded.
The jackal bites you. x2
You hit the jackal.
The jackal is heavily wounded.
The jackal closely misses you. The jackal barely misses you.
You hit the jackal.
The jackal is almost dead.
The jackal bites you.
You hit the jackal.
You kill the jackal!
You closely miss the jackal. The jackal closely misses you.
The jackal pauses to sniff the ground.
The jackal bites you.
You hit the jackal.
You kill the jackal!
The jackal bites you.
You closely miss the jackal. The jackal bites you.
The jackal closely misses you.
You hit the jackal but do no damage. The jackal bites you.
The jackal closely misses you.
Casting: Sting
Confirm with . or Enter, or press ? or * to list all spells.
Aiming: Sting
Press: ? - help, Shift-Dir - straight line, f/p - jackal
Aim: a jackal The sting hits the jackal.
The jackal appears unharmed.
The jackal closely misses you.
You hit the jackal but do no damage. The jackal bites you.
You die...

You could see a jackal.

Vanquished Creatures
  A goblin (D:1)
  2 jackals (D:1)
  A giant newt (D:1)
  A kobold (D:1)
  A rat (D:1)
6 creatures vanquished.

Action                   || total
-------------------------++-------
Melee: Club              ||    10
 Cast: Sting             ||     8

Vault maps used:
D:1:      dpeg_arrival_boxes_within_box
